 Dungeon Crawl Stone Soup version 0.26.0-16-gc1dbca0489 (webtiles) character file.

Game seed: 8502433293480016829

45 kaeus the Grave Robber (level 3, 0/24 HPs)
             Began as a Demonspawn Necromancer on Jan 20, 2021.
             Succumbed to an adder's poison
             ... on level 1 of the Dungeon.
             The game lasted 00:03:37 (1468 turns).

kaeus the Grave Robber (Demonspawn Necromancer)     Turns: 1468, Time: 00:03:38

Health: 0/24       AC:  3    Str:  9    XL:     3   Next: 42%
Magic:  2/6        EV: 12    Int: 16    God:
Gold:   23         SH:  5    Dex: 13    Spells: 4/6 levels left

rFire    . . .     SeeInvis .   c - +0 dagger
rCold    . . .     Faith    .   (no shield)
rNeg     . . .     Spirit   +   i - +0 leather armour
rPois    .         Reflect  +   (no helmet)
rElec    .         Harm     .   (no cloak)
rCorr    .         Rampage  .   (no gloves)
Will     .....                  (no boots)
Stlth    ++........             e - amulet of reflection
HPRegen  0.08/turn              (no ring)
MPRegen  0.10/turn              (no ring)

@: lethally poisoned (0 -> -1)
A: magic shield
a: no special abilities


You were on level 1 of the Dungeon.
You visited 1 branch of the dungeon, and saw 2 of its levels.

You collected 23 gold pieces.

Inventory:

Hand Weapons
 c - a +0 dagger (weapon)
Armour
 i - a +0 leather armour (worn)
Jewellery
 e - an amulet of reflection (around neck)
Scrolls
 a - a scroll of blinking {unknown}
 b - a scroll of identify {unknown}
 d - a scroll of remove curse {unknown}
 g - a scroll of amnesia {unknown}
 h - a scroll of magic mapping {unknown}
 j - a scroll of fear {unknown}


   Skills:
 + Level 1.0 Short Blades
 + Level 1.0 Armour
 - Level 1.8 Dodging
 + Level 2.3 Stealth
 + Level 2.3 Spellcasting
 + Level 4.7 Necromancy


You had 4 spell levels left.
You knew the following spells:

 Your Spells              Type           Power        Failure   Level
a - Pain                  Necr           64%          4%          1
b - Animate Skeleton      Necr           32%          4%          1

Your spell library contained the following spells:

 Spells                   Type           Power        Failure   Level
 Vampiric Draining        Necr           8%           12%         3
 Animate Dead             Necr           8%           36%         4
 Agony                    Necr           16%          73%         5


Dungeon Overview and Level Annotations

Branches:
Dungeon (2/15)

Altars:


Innate Abilities, Weirdness & Mutations

When hurt, damage is shared between your health and your magic reserves.


Message History

The hobgoblin hits you but does no damage.
You hit the hobgoblin.
The hobgoblin is heavily wounded.
* * * LOW HITPOINT WARNING * * *
You feel sick. The hobgoblin hits you.
You hit the hobgoblin but do no damage.
The hobgoblin is heavily wounded.
The hobgoblin hits you but does no damage.
You hit the hobgoblin but do no damage.
The hobgoblin is heavily wounded.
The hobgoblin hits you but does no damage.
You hit the hobgoblin.
You kill the hobgoblin!
You cannot move.
You cannot move.
You cannot move.
You start resting.
You feel less wooden.
Your +0 leather armour unmelds from your body.
You die...

.#
##.....##..#...##.#####.##....
.# #.....###.#.......#
#.#..#..
.###.##..#.......#####
#.#..#.# .##...........>###
##.#....# ###(............#
#..+....) #
#.......####..##### #..##...#
####....#.........# #..##....
##..............#####..##....
##...###....†@).........###(..
##....#
#..........#####.#####[
###.....# #.........####
#..##.#. #....#..#
#............####.##..#
..##.#..#
#.............###..###.
†....#..#
#.........#.#...##..###
....#####
###########......##.##. .....#
####.......## ...#.###
#####....#


There were no monsters in sight!

Vanquished Creatures
  An adder (D:2)
  An ooze (D:1)
  A worm (D:2)
  2 dart slugs (D:1)
  3 leopard geckos
  A giant cockroach (D:1)
  5 goblins (D:1)
  3 hobgoblins (D:1)
  2 bats (D:1)
  A frilled lizard (D:1)
  A kobold (D:1)
  3 rats
24 creatures vanquished.

Notes
Turn   | Place    | Note
-------+----------+-------------------------------------------
     0 | D:1      | kaeus the Demonspawn Necromancer began the quest for the
                  | Orb.
     0 | D:1      | Reached XP level 1. HP: 13/13 MP: 3/3
   288 | D:1      | Gained mutation: When hurt, damage is shared between your
                  | health and your magic reserves. [demonic ancestry]
   288 | D:1      | Reached XP level 2. HP: 10/19 MP: 1/5
   366 | D:1      | Learned a level 1 spell: Animate Skeleton
  1094 | D:2      | Reached XP level 3. HP: 22/24 MP: 3/6
  1370 | D:2      | Reached skill level 1 in Armour
  1458 | D:1      | Reached skill level 1 in Short Blades
  1464 | D:1      | HP: 1/36 [poisoned by an adder]
  1468 | D:1      | Succumbed to an adder's poison

Illustrated notes

Levels and vault maps discovered:
D:1:      arrival_zaba_pyramid, layout_rooms
D:2:      cheibrodos_old_hovel, layout_rooms, nicolae_overflow_hidden_temple,
          serial_glass, glass_columns_a, glass_columns_a, glass_columns_a,
          glass_columns_b, glass_columns_c, glass_columns_a, glass_columns_b,
          glass_columns_a, feat_on_display, due_unseen_surprise,
          roderic_st_hans_cross

Skill      XL: |  1  2  3 |
---------------+----------+-----
Stealth        | 2 |  2.3
Armour         | 1 |  1.0
Short Blades   | 1 |  1.0
Dodging        | |  1.8
Spellcasting   | |  2.3
Necromancy     | |  4.7

Action                   || total
-------------------------++-------
Melee: Dagger            ||   188
 Cast: Pain              ||    11
       Animate Skeleton  ||     2
  Use: Potion            ||     1
Armor: Chain mail        ||    83
       Skin              ||    19
       Leather armour    ||     9
Dodge: Dodged            ||    56
Block: Other             ||    41
